 Dungeon Crawl Stone Soup version 0.28-a0-429-g1448048969 (webtiles) character file.

Game seed: 2310476704063357330

56 jasper the Stinger (level 3, 0/24 HPs)
             Began as a Demonspawn Venom Mage on Sept 11, 2021.
             Slain by a gnoll (11 damage)
             ... on level 1 of the Dungeon.
             The game lasted 00:04:22 (1536 turns).

jasper the Stinger (Demonspawn Venom Mage)          Turns: 1536, Time: 00:04:23

Health: 0/24       AC:  3    Str:  8    XL:     3   Next: 69%
Magic:  1/6        EV: 11    Int: 17    God:
Gold:   43         SH:  0    Dex: 15    Spells: 2/6 levels left

rFire   . . .      SeeInvis .   (no weapon)
rCold   . . .      Faith    .   (no shield)
rNeg    . . .      Spirit   .   c - +0 leather armour
rPois   .          Reflect  .   (no helmet)
rElec   .          Harm     .   (no cloak)
rCorr   .          Rampage  .   (no gloves)
Will    .....                   (no boots)
Stlth   +++.......              (no amulet)
HPRegen 0.08/turn               (no ring)
MPRegen 0.10/turn               (no ring)

@: very slightly contaminated
A: thin skeletal structure 1
a: no special abilities


You were on level 1 of the Dungeon.
You visited 1 branch of the dungeon, and saw 2 of its levels.

You collected 43 gold pieces.

Inventory:

Missiles
 b - 46 stones
 f - a throwing net
 h - 2 boomerangs
Armour
 a - a +0 robe
 c - a +0 leather armour (worn)
Jewellery
 e - an amulet of guardian spirit
Scrolls
 i - a scroll of teleportation
Potions
 d - a potion of lignification {unknown}
 j - a potion of flight {unknown}
 k - 2 potions of heal wounds {unknown}


   Skills:
 - Level 1.7 Dodging
 - Level 1.7 Stealth
 + Level 2.4 Spellcasting
 + Level 0.4 Conjurations
 - Level 1.8 Transmutations
 + Level 0.3 Air Magic
 + Level 3.7 Poison Magic


You had 2 spell levels left.
You knew the following spells:

 Your Spells              Type           Power      Damage    Failure   Level
a - Sting                 Tmut/Pois      44%        1d5       9%          1
b - Mephitic Cloud        Conj/Pois/Air  7%         N/A       41%         3

Your spell library contained the following spells:

 Spells                   Type           Power      Damage    Failure   Level
 Poisonous Vapours        Pois/Air       18%        N/A       19%         2
 Olgreb's Toxic Radiance  Pois           14%        N/A       50%         4
 Summon Forest            Summ/Tloc      1%         N/A       100%        5
 Summon Mana Viper        Hex/Summ       2%         N/A       100%        5
 Summon Cactus Giant      Summ           1%         N/A       100%        6


Dungeon Overview and Level Annotations

Branches:
Dungeon (2/15)

Altars:


Innate Abilities, Weirdness & Mutations

You have a somewhat thin skeletal structure. (Dex +2, Stealth+)


Message History

Aim: a gnoll, wielding a +1 flail of protection (75% to hit)
The sting hits the gnoll but does no damage.
The gnoll is poisoned.
A gnoll comes into view. It is wielding a +0 club.
You now have 3/6 mp.
The gnoll hits you with a +1 flail of protection.
You climb upwards.
There is a stone staircase leading down here.
You take 3 damage, and have 17/24 hp.
The gnoll closely misses you.
The gnoll looks more healthy.
Aiming: Sting (safe; 9% risk of failure)
Press: ? - help, Q - select action, (/) - cycle Shift-Dir - straight line, f - gnoll
Aim: a gnoll, wielding a +1 flail of protection (moderately wounded, 75% to hit)
You miscast Sting.
You are very lightly contaminated with residual magic.
Nothing appears to happen.
The gnoll hits you with a +1 flail of protection.
You take 4 damage, and have 14/24 hp.
You now have 3/6 mp.
Aiming: Sting (safe; 9% risk of failure)
Press: ? - help, Q - select action, (/) - cycle Shift-Dir - straight line, f/p - gnoll
Aim: a gnoll, wielding a +1 flail of protection (moderately wounded, 75% to hit)
The sting hits the gnoll but does no damage.
The gnoll is poisoned.
The gnoll is moderately wounded.
The gnoll closely misses you.
You now have 2/6 mp.
Aiming: Sting (safe; 9% risk of failure)
Press: ? - help, Q - select action, (/) - cycle Shift-Dir - straight line, f/p - gnoll
Aim: a gnoll, wielding a +1 flail of protection (moderately wounded, poisoned, 75% to hit)
You miscast Sting.
Nothing appears to happen.
The gnoll hits you with a +1 flail of protection.
You take 4 damage, and have 10/24 hp.
Aiming: Sting (safe; 9% risk of failure)
Press: ? - help, Q - select action, (/) - cycle Shift-Dir - straight line, f/p - gnoll
Aim: a gnoll, wielding a +1 flail of protection (severely wounded, 75% to hit)
The sting hits the gnoll.
The gnoll is poisoned.
The gnoll is almost dead.
The gnoll hits you with a +1 flail of protection!
You die...

.......###### #. ........##..##
##. .....##.#....### #..
###...#........# #.#
..#.#.##..#.##.### #.#
.................##### ##.#
....####.............# ##..#
#.............#g...#.########..##
##..#.#>#.#.#.#.@...........#.##
.#..#.###.#.#..##....>...##....##
.......#....##.###..#..#..##.#...
......###...##................##.
....### ###.#######.#..........#.
.....## ##.## #.######..#..).
....#.# ##>..# #...## #...#...
.##.>## #.#..########..###.#.####
###.## ##<..............#.#..#


You could see a gnoll (poisoned).

Vanquished Creatures
  2 gnolls
  2 ball pythons
  3 endoplasms (D:1)
  4 giant cockroaches
  5 goblins (D:1)
  A hobgoblin (D:1)
  3 jackals (D:1)
  A kobold (D:1)
  A quokka (D:1)
  4 bats (D:1)
  3 frilled lizards (D:1)
  4 rats (D:1)
33 creatures vanquished.

Notes
Turn   | Place    | Note
-------+----------+-------------------------------------------
     0 | D:1      | jasper the Demonspawn Venom Mage began the quest for the
                  | Orb.
     0 | D:1      | Reached XP level 1. HP: 13/13 MP: 3/3
   111 | D:1      | Reached skill level 1 in Transmutations
   206 | D:1      | Gained mutation: You have a somewhat thin skeletal
                  | structure. (Dex +2, Stealth+) [demonic ancestry]
   206 | D:1      | Reached XP level 2. HP: 19/19 MP: 3/5
   803 | D:1      | Reached XP level 3. HP: 21/24 MP: 2/6
   809 | D:1      | Learned a level 3 spell: Mephitic Cloud
  1536 | D:1      | Slain by a gnoll

Illustrated notes

Levels and vault maps discovered:
D:1:      onia_arrival_handbag, layout_rooms
D:2:      layout_basic, basic_altar, hellmonk_ecumenical_altar_heavens_door,
          chequers_avenue

Skill      XL: |  1 |
---------------+----+-----
Transmutations | 1 |  1.8
Dodging        | |  1.7
Stealth        | |  1.7
Spellcasting   | |  2.4
Conjurations   | |  0.4
Air Magic      | |  0.3
Poison Magic   | |  3.7

Action                   || total
-------------------------++-------
Throw: Stone             ||    36
       Boomerang         ||    16
 Cast: Sting             ||    69
  Use: Scroll            ||     2
Armor: Robe              ||     3
       Leather armour    ||     3
Dodge: Dodged            ||    24

Table legend: (Time is in decaauts)
 A = Elapsed time spent in this place.
 B = Non-inter-level travel time spent in this place.
 C = Inter-level travel time spent in this place.
 D = Time resting spent in this place.
 E = Time spent auto-exploring this place.
 F = Levels seen in this place.
 G = Mean time per level.
                   A        B        C        D        E       F      G
               +--------+--------+--------+--------+--------+-----+--------+
         Total |   1545 |   1510 |     35 |    357 |    846 |   2 |  772.5 |
       Dungeon |   1545 |   1510 |     35 |    357 |    846 |   2 |  772.5 |
               +--------+--------+--------+--------+--------+-----+--------+

Top non-repeatable levels by time:
     D:1: 1387 daAuts
     D:2: 158 daAuts
